 Dungeon Crawl Stone Soup version 0.29.1-1-gd02db6906a (webtiles) character file.

Game seed: 8471935964118684090

32 Icepheonix32 the Insei (level 3, 0/39 HPs)
             Began as a Merfolk Transmuter on Oct 3, 2022.
             Killed from afar by a dart slug (5 damage)
             ... with a slug dart
             ... on level 1 of the Dungeon.
             The game lasted 00:00:59 (1001 turns).

Icepheonix32 the Insei (Merfolk Transmuter)         Turns: 1001, Time: 00:01:00

Health: 0/39       AC: 21    Str: 10    XL:     3   Next: 27%
Magic:  5/6        EV:  2    Int: 14    God:
Gold:   21         SH:  0    Dex: 14    Spells: 0/6 levels left

rFire   . . .      SeeInvis .     - Unarmed
rCold   . . .      Faith    .   (no shield)
rNeg    . . .      Spirit   .   (body armour currently unavailable)
rPois   +          Reflect  .   (helmet currently unavailable)
rElec   .          Harm     .   (cloak currently unavailable)
rCorr   .          Rampage  .   (gloves currently unavailable)
Will    .....      NoTele   +   (boots currently unavailable)
Stlth   +.........              (no amulet)
HPRegen 0.13/turn               (no ring)
MPRegen 0.10/turn               (no ring)

@: tree-form
A: stationary, stasis, torment immunity, boosted hp, (nimble swimmer 2),
(mertail)
a: no special abilities


You were on level 1 of the Dungeon.
You were a tree.
You visited 1 branch of the dungeon, and saw 1 of its levels.

You collected 21 gold pieces.

Inventory:

Armour
 a - a +0 robe (melded)
Scrolls
 c - a scroll of vulnerability {unknown}


   Skills:
 + Level 1.2 Fighting
 + Level 3.0 Dodging
 + Level 0.2 Stealth
 + Level 4.0 Unarmed Combat
 + Level 2.1 Spellcasting
 * Level 3.3 Transmutations


You couldn't memorise any spells.
You knew the following spells:

 Your Spells              Type           Power      Damage    Failure   Level
a - Beastly Appendage     Tmut           20%        N/A       6%          1
b - Wereblood             Tmut           10%        N/A       9%          2
c - Spider Form           Tmut/Pois      6%         N/A       34%         3

Your spell library contained the following spells:

 Spells                   Type           Power      Damage    Failure   Level
 Sting                    Tmut/Pois      24%        1d4       12%         1
 Poisonous Vapours        Pois/Air       2%         N/A       34%         2
 Ice Form                 Ice/Tmut       6%         N/A       75%         4
 Olgreb's Toxic Radiance  Pois           1%         N/A       92%         4


Dungeon Overview and Level Annotations

Branches:
Dungeon (1/15)

Altars:

Annotations:
D:1 1 transporter


Innate Abilities, Weirdness & Mutations

You are a tree.
Your roots penetrate the ground, keeping you stationary.
You cannot be teleported.
You are immune to unholy pain and torment.
Your maximum health is greatly increased.
Your equipment is partially melded.
((You are very nimble when in or above water. (Stealth+, EV+, Speed+++)))
((Your lower body shifts to a powerful aquatic tail in water.))


Message History

The jackal bites you.
A ball python comes into view.
The dart slug barely misses you.
You closely miss the jackal.
The jackal is moderately wounded.
The ball python hisses angrily.
The jackal barely misses you.
You closely miss the jackal. You punch the jackal.
The jackal is heavily wounded.
The jackal closely misses you. The dart slug misses you.
The jackal closely misses you.
Unknown command.
Casting: Beastly Appendage (safe; 6% risk of failure)
Confirm with . or Enter, or press ? or * to list all spells.
You grow a pair of large bovine horns.
The jackal bites you. The dart slug launches a dart at you.
The slug dart hits you.
* * * LOW HITPOINT WARNING * * *
You closely miss the jackal. Your headbutt misses the jackal.
The jackal is heavily wounded.
The jackal bites you.
* * * LOW HITPOINT WARNING * * *
Really quaff the potion of lignification?
Your horns disappear.
You turn into a tree.
Your +0 robe melds into your body.
Your roots penetrate the ground.
The jackal barely misses you.
The dart slug bites you but does no damage.
The jackal bites you but does no damage.
You barely miss the jackal.
The jackal is heavily wounded.
The jackal bites you but does no damage.
The dart slug bites you but does no damage.
You barely miss the jackal.
The jackal is heavily wounded.
The jackal bites you but does no damage.
You smack the jackal!
You kill the jackal!
The dart slug launches a dart at you. The slug dart hits you.
You die...

## #### #. ...
#. ..# .. ..###
#. ....# . #S
##..#.##. #.
#w###........
#.
#.♣†.........
#l######
#####.###.#.#
#......#### #.#
## #......# #.#
.# #)..##?...
#.#
.######...##..
. #..
...............
###
.###.##..###...
.# #.##.....
...


You could see a dart slug and a ball python.

Vanquished Creatures
  2 dart slugs (D:1)
  2 endoplasms (D:1)
  A giant cockroach (D:1)
  A goblin (D:1)
  2 hobgoblins (D:1)
  11 jackals (D:1)
  A quokka (D:1)
  A ball python (D:1)
  2 frilled lizards (D:1)
  A kobold (D:1)
  A rat (D:1)
25 creatures vanquished.

Notes
Turn   | Place    | Note
-------+----------+-------------------------------------------
     0 | D:1      | Icepheonix32 the Merfolk Transmuter began the quest for the
                  | Orb.
     0 | D:1      | Reached XP level 1. HP: 15/15 MP: 3/3
   166 | D:1      | Reached XP level 2. HP: 10/21 MP: 3/5
   439 | D:1      | HP: 1/21 [quokka (5)]
   746 | D:1      | Reached XP level 3. HP: 24/26 MP: 4/6
   753 | D:1      | Reached skill level 4 in Unarmed Combat
   760 | D:1      | Learned a level 2 spell: Wereblood
   764 | D:1      | Learned a level 3 spell: Spider Form
  1001 | D:1      | Killed from afar by a dart slug

Illustrated notes

Levels and vault maps discovered:
D:1:      spicycebolla_arrival_risky_transporter, layout_loops_cross,
          minmay_tromino_mix6

Skill      XL: |  1  2  3 |
---------------+----------+-----
Transmutations | 3 |  3.3
Dodging        | 3 |  3.0
Unarmed Combat | 4 |  4.0
Fighting       | |  1.2
Stealth        | |  0.2
Spellcasting   | |  2.1

Action                   || total
-------------------------++-------
Melee: Unarmed           ||    81
       Headbutt          ||     7
       Punch             ||     3
 Cast: Beastly Appendage ||     8
  Use: Potion            ||     1
Armor: Robe              ||     9
       Skin              ||     5
Dodge: Dodged            ||    47
